 Dungeon Crawl Stone Soup version 0.26-a0-639-g72c4674329 (webtiles) character file.

Game seed: 12166917148673100670

2029 DogServant the Geomancer (level 9, -4/55 HPs)
             Began as a Gargoyle Earth Elementalist on Sept 20, 2020.
             Was an Initiate of Sif Muna.
             Slain by a bone dragon (13 damage)
             ... on level 1 of the Abyss.
             The game lasted 00:20:42 (7258 turns).

DogServant the Geomancer (GrEE)                     Turns: 7258, Time: 00:20:43

Health: -4/55      AC: 16    Str: 12    XL:     9   Next: 23%
Magic:  13/17      EV: 11    Int: 19    God:    Sif Muna [......]
Gold:   389        SH:  5    Dex: 10    Spells: 6/19 levels left

rFire    . . .     SeeInvis .   q - +2 short sword (speed)
rCold    . . .     Faith    .   (no shield)
rNeg     + . .     Spirit   .   d - +3 leather armour {MR+}
rPois    ∞         Reflect  +   (no helmet)
rElec    +         Harm     .   j - +0 cloak
rCorr    .         Rampage  .   i - +0 pair of gloves
MR       +....                  C - +0 pair of boots
Stlth    ++........             e - amulet of reflection
HPRegen  0.18/turn              (no ring)
MPRegen  0.15/turn              (no ring)

@: no status effects
A: negative energy resistance 1, electricity resistance, unbreathing,
petrification resistance, rot immunity, AC +6
a: Renounce Religion


You were on level 1 of the Abyss.
You worshipped Sif Muna.
Sif Muna was noncommittal.
You visited 2 branches of the dungeon, and saw 8 of its levels.
You visited the Abyss 1 time.
You also visited: Ossuary.

You collected 389 gold pieces.

Inventory:

Hand Weapons
 p - a +0 short sword
 q - a +2 short sword of speed (weapon)
Missiles
 b - 54 stones (quivered)
Armour
 c - a +2 buckler
 d - a +3 leather armour of magic resistance (worn)
 i - a +0 pair of gloves (worn)
 j - a +0 cloak (worn)
 C - a +0 pair of boots (worn)
Jewellery
 e - an amulet of reflection (around neck)
 l - an uncursed amulet of regeneration {unknown}
Wands
 h - a wand of flame (19)
 k - a wand of random effects (16)
 s - a wand of acid (10)
 v - a wand of iceblast (11)
Scrolls
 f - 5 scrolls of amnesia
 g - 2 scrolls of enchant armour
 n - 2 scrolls of remove curse
 r - 2 scrolls of teleportation
Potions
 a - a potion of lignification
 m - 2 potions of cancellation
 o - 5 potions of curing
 t - 5 potions of heal wounds
 u - a potion of brilliance {unknown}
 w - 2 potions of berserk rage {unknown}
 x - 2 potions of haste {unknown}
 z - a potion of might {unknown}
 A - a potion of flight {unknown}


   Skills:
 - Level 6.1 Fighting
 - Level 2.2 Armour
 - Level 1.6 Dodging
 - Level 2.2 Stealth
 + Level 1.0 Shields
 + Level 5.8 Spellcasting
 + Level 4.7 Conjurations
 + Level 1.7 Transmutations
 + Level 8.2 Earth Magic


You had 6 spell levels left.
You knew the following spells:

 Your Spells              Type           Power        Failure   Level
a - Sandblast             Erth           #####.       1%          1
b - Stone Arrow           Conj/Erth      ####..       3%          3
c - Lee's Rapid Deconstr  Erth           #####.....   14%         5
d - Petrify               Tmut/Erth      ###.....     19%         4

Your spell library contained the following spells:

 Spells                   Type           Power        Failure   Level
 Passwall                 Tmut/Erth      ###.....     2%          2


Dungeon Overview and Level Annotations

Branches:
Dungeon (7/15)             Temple (1/1) D:7         Ossuary (visited)

Altars:
Ashenzari
Cheibriados
Dithmenos
Elyvilon
Fedhas
Gozag
Hepliaklqana
Kikubaaqudgha
Makhleb
Nemelex Xobeh
Qazlal
Ru
Sif Muna
Trog
Uskayaw
Vehumet
Wu Jian
Xom
Yredelemnul
Zin
The Shining One

Annotations:
D:3 Sigmund
D:5 1 runed translucent door, DogServant's ghost, novice DEAE


Innate Abilities, Weirdness & Mutations

You are resistant to torment.
Your stone body is resilient. (AC +6)
You are immune to poison.
You resist negative energy. (rN+)
You are resistant to electric shocks. (rElec)
You can survive without breathing.
You are immune to petrification.
You are immune to rotting.


Message History

The sixfirhy shocks you. You resist.
* * * LOW HITPOINT WARNING * * *
The sixfirhy barely misses you.
The sixfirhy hits you but does no damage.
The sixfirhy hits you but does no damage.
The sixfirhy misses you. You block the sixfirhy's attack. x2
A small abomination comes into view.
The fire bat misses you. The fire bat barely misses you.
A tentacled starspawn and a raiju come into view.
The raiju barks!
You block the fire bat's attack.
A bone dragon comes into view.
The fire bat closely misses you.
Tentacles burst from the starspawn's body! 2 starspawn tentacles come into view.
You block the fire bat's attack.
Found 35 gold pieces.
The bone dragon bites you!
You die...

........... ............
.$.......... ...........
... ......... ... .....
#......# ....
.....##...wD.##.....
...........X@.......
...........xw........
...........bh........
.................... ..
......4.............
..####§...#.##.........#
#.. ..... ##..##..###.#.
..#....... ##.#..## ..
.. ....#.4.#..# #.


You could see a bone dragon, a tentacled starspawn, a raiju, a chaos spawn, a
small abomination, a fire bat and 2 starspawn tentacles.

Vanquished Creatures
  2 ice beasts
  2 orc warriors
  A phantom (D:5)
  4 centaurs
  5 water moccasin zombies
  A wight (D:7)
  A howler monkey (D:5)
  A crimson imp (D:4)
  3 hounds
  3 jellies
  2 orc priests
  A centaur skeleton (D:5)
  A bullfrog skeleton (D:6)
  7 orc wizards
  An iguana (D:5)
  2 worker ants
  2 big kobold zombies (Ossuary)
  A hound skeleton (D:5)
  2 mummies (Ossuary)
  A howler monkey zombie (D:6)
  2 adders
  A shadow imp (D:7)
  3 white imps
  5 ufetubi
  An ooze (D:6)
  A worm zombie (D:5)
  3 adder zombies (Ossuary)
  3 worms (D:2)
  3 dart slugs
  3 leopard geckos
  17 orcs
  6 giant cockroaches
  3 gnoll zombies (Ossuary)
  4 goblins
  A hobgoblin (D:1)
  8 jackals
  5 quokkas
  3 ball pythons
  3 bats (D:1)
  5 frilled lizards
  8 hobgoblin zombies (Ossuary)
  6 kobolds
  8 kobold zombies (Ossuary)
  4 orc zombies (Ossuary)
  3 rats
152 creatures vanquished.

Notes
Turn   | Place    | Note
-------+----------+-------------------------------------------
     0 | D:1      | DogServant the Gargoyle Earth Elementalist began the quest
                  | for the Orb.
     0 | D:1      | Reached XP level 1. HP: 10/10 MP: 3/3
   229 | D:1      | Reached XP level 2. HP: 7/15 MP: 3/5
   230 | D:1      | Reached skill level 4 in Earth Magic
  1087 | D:1      | Reached XP level 3. HP: 20/20 MP: 2/6
  1358 | D:1      | Reached skill level 1 in Fighting
  2107 | D:2      | Noticed a sky beast
  2134 | D:2      | Reached XP level 4. HP: 25/25 MP: 2/8
  2495 | D:3      | Noticed Sigmund
  2728 | D:4      | You fall into a shaft and drop 1 floor!
  2728 | D:5      | Entered Level 5 of the Dungeon
  2729 | D:5      | Noticed a centaur
  2736 | D:5      | Killed a centaur
  2736 | D:5      | Reached skill level 5 in Earth Magic
  2736 | D:5      | Reached XP level 5. HP: 16/32 MP: 4/10
  2744 | D:5      | Reached XP level 6. HP: 17/37 MP: 1/11
  2849 | D:5      | Found a sand-covered staircase.
  2854 | Ossuary  | Entered an ossuary
  3014 | Ossuary  | Reached skill level 6 in Earth Magic
  3081 | Ossuary  | Reached XP level 7. HP: 37/43 MP: 13/13
  3093 | Ossuary  | Learned a level 3 spell: Stone Arrow
  3198 | Ossuary  | Reached skill level 1 in Conjurations
  4139 | D:5      | Found an opulent altar of Gozag.
  4233 | D:5      | Reached XP level 8. HP: 36/48 MP: 1/15
  4293 | D:5      | Reached skill level 7 in Earth Magic
  4395 | D:5      | Reached skill level 5 in Fighting
  4482 | D:5      | Found a runed translucent door.
  4489 | D:5      | Noticed DogServant's ghost (novice DEAE)
  4515 | D:5      | Reached skill level 5 in Spellcasting
  4979 | D:5      | Reached skill level 1 in Armour
  6097 | D:6      | Learned a level 5 spell: Lee's Rapid Deconstruction
  6102 | D:6      | Learned a level 4 spell: Petrify
  6140 | D:7      | Found a sparkling altar of Nemelex Xobeh.
  6146 | D:7      | Reached skill level 1 in Transmutations
  6468 | D:7      | Reached skill level 8 in Earth Magic
  6468 | D:7      | Reached XP level 9. HP: 55/55 MP: 10/17
  6842 | D:7      | Found a staircase to the Ecumenical Temple.
  6856 | Temple   | Entered the Ecumenical Temple
  7134 | Temple   | Became a worshipper of Sif Muna the Loreminder
  7165 | D:7      | Reached skill level 1 in Shields
  7182 | D:7      | Cast into level 1 of the Abyss (wight)
  7214 | Abyss:1  | Noticed a hellwing
  7216 | Abyss:1  | Noticed a sixfirhy
  7226 | Abyss:1  | Noticed a starcursed mass
  7254 | Abyss:1  | Noticed a tentacled starspawn
  7255 | Abyss:1  | Noticed a bone dragon
  7258 | Abyss:1  | Slain by a bone dragon

Illustrated notes

Levels and vault maps discovered:
D:1:      dpeg_arrival_refuge, layout_loops_corners, minmay_split_cup_small
D:2:      layout_basic
D:3:      layout_rooms, uniq_sigmund
D:4:      layout_basic, minmay_fire_ice_demons
D:5:      layout_rooms, enter_ossuary_3, gammafunk_ghost_grave,
          nicolae_gozag_cash_rules_everything_around_me
D:6:      minmay_evil_eye, layout_rooms
D:7:      layout_basic, minmay_temple_entry_glass, basic_altar, minmay_nine_imps
Temple:   nicolae_temple_the_god_donut
Abyss:1:  base:
D:14

Skill      XL: |  1  2  3  4  5  6  7  8  9 |
---------------+----------------------------+-----
Earth Magic    | 4 5 6 8 |  8.2
Fighting       | 1 2 3 4 6 |  6.1
Spellcasting   | 3 4 5 |  5.8
Conjurations   | 2 4 |  4.7
Armour         | 2 |  2.2
Transmutations | 1 |  1.7
Shields        | 1 |  1.0
Dodging        | |  1.6
Stealth        | |  2.2

Action                   |  1- 3 |  4- 6 |  7- 9 || total
-------------------------+-------+-------+-------++-------
Melee: Unarmed           |   144 |       |       ||   144
       Short sword       |       |   152 |   294 ||   446
 Cast: Sandblast         |    38 |    26 |    47 ||   111
       Stone Arrow       |       |       |    44 ||    44
  Use: Scroll            |     1 |     4 |    10 ||    15
 Stab: Sleeping          |       |       |     3 ||     3
Armor: Leather armour    |    76 |    51 |   144 ||   271
Dodge: Dodged            |   108 |    64 |   135 ||   307
Block: Other             |       |       |    61 ||    61
       Reflection        |       |       |     3 ||     3

Table legend: (Time is in decaauts)
 A = Elapsed time spent in this place.
 B = Non-inter-level travel time spent in this place.
 C = Inter-level travel time spent in this place.
 D = Time resting spent in this place.
 E = Time spent auto-exploring this place.
 F = Levels seen in this place.
 G = Mean time per level.
                   A        B        C        D        E       F      G
               +--------+--------+--------+--------+--------+-----+--------+
         Total |   7146 |   6870 |    276 |   1712 |   3432 |  10 |  714.6 |
       Dungeon |   6292 |   6042 |    250 |   1546 |   3175 |   7 |  898.9 |
        Temple |    304 |    278 |     26 |      0 |    237 |   1 |  304.0 |
         Abyss |     75 |     75 |      0 |      3 |      0 |   1 |   75.0 |
       Ossuary |    473 |    473 |      0 |    163 |     20 |   1 |  473.0 |
               +--------+--------+--------+--------+--------+-----+--------+

Top non-repeatable levels by time:
     D:1: 1563 daAuts
     D:5: 1437 daAuts
     D:6: 1278 daAuts
     D:4: 858 daAuts
     D:2: 575 daAuts
 Ossuary: 473 daAuts
     D:3: 364 daAuts
  Temple: 304 daAuts
     D:7: 214 daAuts
 Abyss:1: 75 daAuts
